 Dungeon Crawl Stone Soup version 0.30.2 (webtiles) character file.

Game seed: 3268441816709664827

1590 porpoise the Cleaver (level 8, -3/77 HPs)
             Began as a Hill Orc Wanderer on Feb 22, 2024.
             Was an Initiate of Qazlal.
             Splashed by a jelly's acid (4 damage)
             ... on level 6 of the Dungeon.
             The game lasted 00:12:40 (5436 turns).

porpoise the Cleaver (Hill Orc Wanderer)            Turns: 5436, Time: 00:12:40

Health: -3/77      AC:  0    Str: 26    XL:     8   Next: 92%
Magic:  8/8        EV: 16    Int:  9    God:    Qazlal [......]
Gold:   313        SH:  0    Dex: 10    Spells: 7/7 levels left

rFire   . . .        a - +2 dagger (venom)
rCold   . . .        (no shield)
rNeg    . . .        I - +0 acid dragon scales
rPois   .            (no helmet)
rElec   .            (no cloak)
rCorr   +            B - +1 pair of gloves
SInv    .            (no boots)
Will    .....        (no amulet)
Stlth   +            y - +6 ring of strength
HPRegen 0.32/turn    E - +5 ring of evasion
MPRegen 0.11/turn

%: no passive effects
@: corroded, invisible
A: no striking features
a: Renounce Religion


You were on level 6 of the Dungeon.
You worshipped Qazlal.
Qazlal was noncommittal.
You visited 2 branches of the dungeon, and saw 7 of its levels.

You collected 313 gold pieces.

Inventory:

Hand Weapons
 a - a +2 dagger of venom (weapon)
 b - a +0 sling
 m - a +1 mace
 q - the +4 dagger of Summertime {heavy, rF- Will+ MP+9 Dex+2}
   (You found it on level 2 of the Dungeon)

   Dex:       It affects your dexterity (+2).
   rF:        It makes you vulnerable to fire.
   MP:        It affects your magic capacity (+9).
   Will:      It increases your willpower.
 w - a +0 war axe
Missiles
 e - 4 poisoned darts
 g - 4 boomerangs (quivered)
 G - 3 boomerangs of dispersal
Armour
 B - a +1 pair of gloves (worn)
 I - +0 acid dragon scales (worn)
Jewellery
 h - an amulet of magic regeneration
 o - a +6 ring of intelligence
 y - a +6 ring of strength (left hand)
 C - a ring of see invisible
 E - a +5 ring of evasion (right hand)
Wands
 D - a wand of flame (38)
Scrolls
 c - 2 scrolls of blinking
 j - a scroll of amnesia
 k - 3 scrolls of identify
 p - a scroll of vulnerability
 r - 2 scrolls of fear
 t - a scroll of immolation
 u - a scroll of poison {unknown}
 v - a scroll of fog {unknown}
 x - a scroll of brand weapon {unknown}
 H - a scroll of acquirement {unknown}
Potions
 d - a potion of curing
 f - 3 potions of flight
 s - 5 potions of invisibility
 z - a potion of mutation
 A - a potion of resistance


   Skills:
 + Level 8.8 Fighting
 * Level 11.1(11.2) Axes
 - Level 2.1(6.3) Maces & Flails
 - Level 1.0 Dodging
 - Level 4.3 Unarmed Combat


You had 7 spell levels left.
You didn't know any spells.
Your spell library contained the following spells:

 Spells                   Type           Power      Damage    Failure   Level
 Magic Dart               Conj           0%         1d3       45%         1
 Call Imp                 Summ           0%         N/A       58%         2
 Mephitic Cloud           Conj/Pois/Air  0%         N/A       83%         3
 Ozocubu's Armour         Ice            0%         N/A       83%         3
 Ozocubu's Refrigeration  Ice            0%         4d7       100%        7


Dungeon Overview and Level Annotations

Branches:
Dungeon (6/15)             Temple (1/1) D:4

Altars:
Cheibriados
Dithmenos
Elyvilon
Fedhas
Kikubaaqudgha
Makhleb
Nemelex Xobeh
Qazlal
Ru
Vehumet
Zin

Shops:
D:4 ?


Message History

The orc hits you with a +0 trident.
* * * LOW HITPOINT WARNING * * *
The sky beast flickers out of sight!
Deactivating autopickup; reactivate with Ctrl-A.
The orc closely misses you. The orc attacks as you move away!
The orc barely misses you. The orc hits you but does no damage.
You barely miss the orc.
You kill the orc!
Qazlal accepts your kill. The jelly hits you.
* * * LOW HITPOINT WARNING * * *
The acid corrodes you!
You are splashed with acid.
You resist.
* * * LOW HITPOINT WARNING * * *
The orc closely misses you.
You fade into invisibility!
The jelly closely misses you. The orc completely misses you.
The shadow imp sputters.
The jelly barely misses you.
The orc zaps a wand.
The jelly attacks as you move away! The jelly barely misses you.
The jelly attacks as you move away! The jelly hits you but does no damage.
The jelly attacks as you move away! The jelly closely misses you.
The jelly attacks as you move away! The jelly misses you.
Found a scroll of immolation.
The orc zaps a wand.
Your mind is blasted!
* * * LOW HITPOINT WARNING * * *
The jelly attacks as you move away! The jelly closely misses you.
The jelly attacks as you move away! The jelly hits you.
* * * LOW HITPOINT WARNING * * *
You are splashed with acid.
You resist.
* * * LOW HITPOINT WARNING * * *
The jelly attacks as you move away! The jelly barely misses you.
Found a scroll of vulnerability.
The jelly attacks as you move away! The jelly hits you but does no damage.
The jelly attacks as you move away! The jelly misses you.
You see here a scroll of vulnerability.
The orc zaps a wand.
The jelly is unaffected.
The jelly attacks as you move away! The jelly hits you.
* * * LOW HITPOINT WARNING * * *
The acid corrodes you!
You are splashed with acid.
You resist.
You die...

,,,,,*,,,,,,,,,,,* *,*
,***,*,***,,**#.,****
*,***** ,,,,,*,,,,,,*
*.,,,,* *,**,,,
,,*,,,,,*,,,* *.##*,*
*,,,*,* *,*,##*,*,,,*
*..#*,* ****,,*
.,*,.$.,*...# *#.#*,* *,,*
..,,.#.,,...## #.#*,* *,,*
.###)#.###...# #.#*,* *,,*
...oo#.$.....# #@#*,*
******,,* ..#†.5..#....#
#J#*,# *,,,,,,,>
..#.###.#....#*#.#*.#*
*,****,,,
..#.))..#5^.#.##.#.#,** *,*
*,,,
.....#..l...##.o..#**,***,*
**** .....#.###..#?...##
**,**,* *,,,
##...#.....l....## **,,,*
*,** ##.....#...####.#*
**,**,* *,* ##....#...#
*#.#**,***,****,**


You could see a jelly and an orc (unable to see you).

Vanquished Creatures
  Pikel (D:5)
  Sigmund (D:3)
  A yak (D:6)
  2 black bears
  A sky beast (D:6)
  Blork the orc (D:5)
  A scorpion (D:5)
  2 orc priests (D:5)
  2 hounds (D:4)
  Ijyb (D:5)
  Terence (D:3)
  4 orc wizards (D:5)
  3 gnolls (D:4)
  7 adders
  A white imp (D:5)
  2 worms
  A dart slug (D:5)
  10 orcs
  4 endoplasms
  4 giant cockroaches
  5 goblins
  7 hobgoblins
  7 jackals
  A kobold (D:3)
  3 quokkas
  4 ball pythons
  5 bats
  A frilled lizard (D:2)
  5 rats
88 creatures vanquished.

Notes
Turn   | Place    | Note
-------+----------+-------------------------------------------
     0 | D:1      | porpoise the Hill Orc Wanderer began the quest for the Orb.
     0 | D:1      | porpoise set off with the following items: a +1 mace, a
                  | scroll of fear, a scroll of blinking, a potion of curing, a
                  | +0 leather armour.
     0 | D:1      | Reached XP level 1. HP: 19/19 MP: 1/1
   173 | D:1      | Reached XP level 2. HP: 27/27 MP: 2/2
   758 | D:2      | Found a sacrificial altar of Ru.
   975 | D:2      | Found a faded altar of an unknown god.
  1054 | D:2      | Reached skill level 5 in Fighting
  1054 | D:2      | Reached skill level 1 in Axes
  1054 | D:2      | Reached XP level 3. HP: 12/36 MP: 3/3
  1373 | D:2      | Identified the +4 dagger of Summertime {heavy, rF- Will+
                  | MP+9 Dex+2}
  1451 | D:2      | Reached skill level 2 in Axes
  1802 | D:2      | Reached XP level 4. HP: 40/42 MP: 4/4
  2078 | D:3      | Found a blossoming altar of Fedhas.
  2117 | D:3      | Noticed Terence
  2132 | D:3      | Killed Terence
  2133 | D:3      | Reached skill level 3 in Axes
  2781 | D:3      | Noticed Sigmund
  2793 | D:3      | Killed Sigmund
  2794 | D:3      | Reached skill level 5 in Axes
  2794 | D:3      | Reached XP level 5. HP: 42/50 MP: 5/5
  2794 | D:3      | Reached XP level 6. HP: 48/57 MP: 6/6
  2940 | D:3      | Found an ancient bone altar of Kikubaaqudgha.
  3371 | D:4      | Reached skill level 6 in Axes
  3395 | D:4      | Found a staircase to the Ecumenical Temple.
  3414 | Temple   | Entered the Ecumenical Temple
  3463 | Temple   | Became a worshipper of Qazlal Stormbringer
  3532 | D:4      | Noticed a black bear
  3546 | D:4      | Killed a black bear
  3547 | D:4      | Reached XP level 7. HP: 50/64 MP: 7/7
  3773 | D:4      | Reached skill level 7 in Axes
  3841 | D:4      | Found Hal Forph's Magic Scroll Emporium.
  3870 | D:5      | Entered Level 5 of the Dungeon
  3929 | D:5      | Noticed Ijyb
  3943 | D:5      | Killed Ijyb
  4082 | D:5      | Found a radiant altar of Vehumet.
  4101 | D:5      | Found a shadowy altar of Dithmenos.
  4121 | D:5      | Noticed Blork the orc
  4132 | D:5      | Killed Blork the orc
  4544 | D:5      | Reached skill level 8 in Axes
  4745 | D:5      | Reached XP level 8. HP: 24/73 MP: 8/8
  4756 | D:5      | HP: 3/73 [orc priest/+0 falchion (4)]
  4757 | D:5      | HP: 1/73 [something (2)]
  4772 | D:5      | Reached skill level 9 in Axes
  5015 | D:5      | Noticed Pikel
  5032 | D:5      | Killed Pikel
  5033 | D:5      | Reached skill level 10 in Axes
  5282 | D:5      | Found a burning altar of Makhleb.
  5391 | D:6      | Noticed a yak
  5409 | D:6      | Killed a yak
  5410 | D:6      | Reached skill level 11 in Axes
  5430 | D:6      | HP: 1/77 [acid (4)]
  5436 | D:6      | HP: 1/77 [jelly (2)]
  5436 | D:6      | Splashed by a jelly's acid

Illustrated notes

Levels and vault maps discovered:
D:1:      dpeg_arrival_round_c, layout_basic, dreamdust_princess_bridge
D:2:      layout_basic, basic_ecumenical_altar, serial_co_window_serial,
          co_window_paths_b, co_window_paths_b, co_window_paths_b,
          co_window_of_opportunity_a, co_window_corner_a,
          co_window_unsneaky_path_d, co_window_unsneaky_path_a,
          co_window_broadway_a, glass_columns_c, basic_altar, st_stairs_6
D:3:      layout_loops_corners, mainiacjoe_overflow_alcove_1, fedhas_altar_4,
          hangedman_decor_growths, ebering_dispersal_statue_hall, uniq_terence,
          uniq_sigmund
D:4:      layout_gridville, minmay_temple_entry_statues, serial_shops, shop
D:5:      layout_basic, mainiacjoe_overflow_concentric_impassable,
          mainiacjoe_overflow_big_doors, roderic_roman_lattice, uniq_pikel,
          uniq_blork_the_orc, uniq_ijyb
D:6:      hangedman_cross_stitches, layout_loops_ring, tso_altar,
          gup_sewer_entry_spiral
Temple:   hellmonk_temple_forest_ring

Skill      XL: |  1  2  3  4  5  6  7  8 |
---------------+-------------------------+-----
Fighting       | 4 5 6 7 8 |  8.8
Axes           | 1 2 5 6 8 11 | 11.1
Maces & Flails | |  2.1
Dodging        | |  1.0
Unarmed Combat | |  4.3

Action                     |  1- 3 |  4- 6 |  7- 9 || total
---------------------------+-------+-------+-------++-------
  Melee: Mace              |    42 |       |       ||    42
         Punch             |     2 |     7 |     3 ||    12
         Hand axe          |    26 |       |       ||    26
         Dagger            |    28 |    93 |   131 ||   252
         War axe           |       |       |    33 ||    33
   Fire: Sling             |     5 |     3 |     4 ||    12
    Use: Scroll            |     1 |     3 |     6 ||    10
         Potion            |       |       |     5 ||     5
 Armour: Leather armour    |    25 |     1 |       ||    26
         Chain mail        |       |     6 |       ||     6
         Scale mail        |       |    30 |    37 ||    67
         Acid dragon scale |       |       |    12 ||    12
  Dodge: Dodged            |    66 |    49 |   135 ||   250
